 Dungeon Crawl Stone Soup version 0.28-a0-1382-g92835e5c71 (webtiles) character file.

Game seed: 16240603632747029605

1250 sanka the Caller (level 8, -2/58 HPs)
             Began as a Gnoll Summoner on Jan 1, 2022.
             Was an Initiate of Ashenzari.
             Succumbed to a kobold brigand's poison
             ... on level 5 of the Dungeon.
             The game lasted 00:08:40 (7816 turns).

sanka the Caller (Gnoll Summoner)                   Turns: 7816, Time: 00:08:41

Health: -2/58      AC:  4    Str:  7    XL:     8   Next: 50%
Magic:  7/17       EV: 29    Int: 17    God:    Ashenzari [......]
Gold:   129        SH:  0    Dex: 13    Spells: 13/19 levels left

rFire   . . .      SeeInvis .   h - +1 dagger (venom)
rCold   . . .      Faith    .   (no shield)
rNeg    . . .      Spirit   .   a - +0 robe
rPois   .          Reflect  .   f - +0 helmet of Ashenzari's Portent {Cun, Evo} (curse)
rElec   .          Harm     .   r - +0 cloak
rCorr   .          Rampage  .   (no gloves)
Will    .....                   (no boots)
Stlth   +++.......              t - amulet of the acrobat
HPRegen 0.19/turn               (no ring)
MPRegen 0.15/turn               i - ring of flight

@: mighty, lethally poisoned (-2 -> -15), acrobatic, flying
A: fangs 1, strong nose, distributed training
a: Renounce Religion, Shatter the Chains


You were on level 5 of the Dungeon.
You worshipped Ashenzari.
Ashenzari was noncommittal.
You visited 2 branches of the dungeon, and saw 6 of its levels.

You collected 217 gold pieces.
You spent 88 gold pieces at shops.


Innate Abilities, Weirdness & Mutations

You have very sharp teeth.
Your uncanny sense of smell can sniff out nearby items.
Your experience applies equally to all skills.


   Skills:
 + Level 3.3 Fighting
 + Level 3.3 Short Blades
 + Level 3.3 Long Blades
 + Level 3.3 Axes
 + Level 3.3 Maces & Flails
 + Level 3.3 Polearms
 + Level 3.3 Staves
 + Level 3.3 Slings
 + Level 3.3 Bows
 + Level 3.3 Crossbows
 + Level 3.3 Throwing
 + Level 3.3 Armour
 + Level 5.7(6.2) Dodging
 + Level 5.4(5.9) Stealth
 + Level 3.3 Shields
 + Level 3.3 Unarmed Combat
 + Level 6.1 Spellcasting
 + Level 2.7 Conjurations
 + Level 2.7 Hexes
 + Level 7.6 Summonings
 + Level 2.7 Necromancy
 + Level 2.7 Translocations
 + Level 2.7 Transmutations
 + Level 2.7 Fire Magic
 + Level 2.7 Ice Magic
 + Level 2.7 Air Magic
 + Level 2.7 Earth Magic
 + Level 2.7 Poison Magic
 + Level 3.6 Invocations
 + Level 3.3(3.8) Evocations


You had 13 spell levels left.
You knew the following spells:

 Your Spells              Type           Power      Damage    Failure   Level
c - Call Canine Familiar  Summ           31%        N/A       1%          3
x - Call Imp              Summ           31%        N/A       1%          2
z - Summon Small Mammal   Summ           100%       N/A       1%          1

Your spell library contained the following spells:

 Spells                   Type           Power      Damage    Failure   Level
 Pain                     Necr           56%        1d6       4%          1
 Summon Guardian Golem    Hex/Summ       22%        N/A       4%          3
 Summon Lightning Spire   Summ/Air       22%        N/A       16%         4
 Agony                    Necr           14%        N/A       75%         5
 Excruciating Wounds      Necr           7%         N/A       75%         5

Inventory:

Hand Weapons
 b - a +0 hand axe
 h - a +1 dagger of venom (weapon)
 v - a +3 quarterstaff of chaos
Missiles
 u - 3 curare-tipped darts {=f}
Armour
 a - a +0 robe (worn)
 d - a scarf of invisibility
 f - the cursed +0 helmet of Ashenzari's Portent (worn) {Cun, Evo}

   It has a curse which improves the following skills: Cunning: Dodging and
   Stealth.
   Evocations: Evocations.
 r - a +0 cloak (worn)
Magical Staves
 e - a staff of earth
Jewellery
 i - a ring of flight (right hand)
 t - an amulet of the acrobat (around neck)
Wands
 n - a wand of digging (5)
 s - a wand of paralysis (19)
Scrolls
 k - a scroll of fog
 p - 3 scrolls of teleportation {@r4}
 q - 2 scrolls of magic mapping {unknown}
 w - a scroll of enchant armour
Potions
 c - 4 potions of curing {@q1}
 g - a potion of cancellation {unknown}
 j - a potion of flight {unknown}
 m - 3 potions of heal wounds {@q2}
 o - a potion of mutation {unknown}

Dungeon Overview and Level Annotations

Branches:
Dungeon (5/15)             Temple (1/1) D:4

Altars:
Ashenzari
Cheibriados
Dithmenos
Elyvilon
Fedhas
Gozag
Hepliaklqana
Kikubaaqudgha
Makhleb
Nemelex Xobeh
Okawaru
Qazlal
Ru
Sif Muna
Trog
Uskayaw
Vehumet
Wu Jian
Xom
Yredelemnul
Zin
The Shining One

Shops:
D:4

! ...▒ ▒........▒ ▒.▒
▒▒▒▒▒▒▒...▒▒▒▒.▒ ▒.▒
.....▒▒...▒▒▒▒.▒▒ ▒.▒
▒▒▒▒.▒▒...▒.....▒ ▒.▒
▒)▒▒...▒.....▒ ▒.▒
▒.▒▒...▒.....▒ ▒▒..
▒.▒▒.........▒▒▒▒▒▒ ▒...
▒▒▒▒.▒▒..▒▒.....▒▒...▒ ▒.▒▒
................g.KK5▒ ▒.▒
▒▒.▒.▒▒...........▒))▒ ▒.▒
▒...▒▒▒.▒▒▒▒▒▒▒▒▒▒.h▒ ▒.▒
▒▒............▒ ▒...▒ ▒.▒
..............▒ ...... ▒.▒
▒...........▒.▒ .._...▒▒ ▒.▒
▒.▒▒.▒▒.......▒ .....▒. ▒.▒
▒.▒▒..▒.)▒▒▒▒▒▒▒.▒#▒▒▒▒▒▒▒▒▒
▒.▒▒ ▒.▒▒▒.▒........▒▒▒#▒▒
▒....▒ ▒.▒.


You could see a kobold brigand (ally target), a kobold and a friendly iron imp
(summoned).


Message History

The kobold brigand hits you with the +8 short sword of Askizots {chaos, rF+ rN+ Int-3 Dex+5}!
You are poisoned.
Your iron imp hits the kobold brigand.
Your hound misses the kobold brigand. You barely miss the kobold brigand.
The kobold brigand is heavily wounded.
You feel very sick.
Your hound closely misses the kobold brigand.
The kobold brigand barely misses you.
The kobold brigand hits you with the +8 short sword of Askizots {chaos, rF+ rN+ Int-3 Dex+5}!
* * * LOW HITPOINT WARNING * * *
You are more poisoned.
The kobold hits your iron imp but does no damage.
Your iron imp hits the kobold brigand.
You barely miss the kobold brigand.
The kobold brigand is lightly wounded.
* * * LOW HITPOINT WARNING * * *
You feel very sick.
Your hound bites the kobold brigand.
The kobold brigand barely misses you.
The kobold brigand hits you with the +8 short sword of Askizots {chaos, rF+ rN+ Int-3 Dex+5}!
* * * LOW HITPOINT WARNING * * *
The kobold brigand draws strength from your wounds!
Your hound bites the kobold brigand.
* * * LOW HITPOINT WARNING * * *
You feel very sick.
Your hound closely misses the kobold brigand.
Your iron imp hits the kobold brigand!
The kobold brigand dies!
You die...

Action                   |  1- 3 |  4- 6 |  7- 9 || total
-------------------------+-------+-------+-------++-------
Melee: Hand axe          |    16 |       |       ||    16
       Dagger            |    48 |   140 |    86 ||   274
       Bite              |     2 |    14 |     2 ||    18
       Punch             |       |       |     1 ||     1
 Cast: Call Imp          |     6 |     6 |     7 ||    19
       Summon Small Mamm |     2 |       |       ||     2
       Call Canine Famil |       |     1 |     4 ||     5
Invok: Curse Item        |       |       |     1 ||     1
  Use: Scroll            |       |       |     4 ||     4
 Stab: Sleeping          |     3 |     5 |     5 ||    13
       Distracted        |     1 |       |       ||     1
Armor: Robe              |    22 |    28 |    12 ||    62
Dodge: Dodged            |    35 |    90 |    39 ||   164

Levels and vault maps discovered:
D:1:      heliophobic_arrival_glass_houses, layout_basic,
          shapermc_ecumenical_altar_ellora, minmay_crystal_water
D:2:      layout_basic, uniq_sigmund, uniq_crazy_yiuf_cottage
D:3:      layout_rooms, grunt_ministairs_9
D:4:      layout_layer_cave, nicolae_uskayaw_suspiria,
          minmay_temple_entry_glass, serial_shops, nicolae_shop_statue_plus,
          uniq_pikel
D:5:      due_chaos_kobolds, layout_basic, eino_small_chamber_without_monster
Temple:   mainiacjoe_temple_circle_huts

Notes
Turn   | Place    | Note
-------+----------+-------------------------------------------
     0 | D:1      | sanka the Gnoll Summoner began the quest for the Orb.
     0 | D:1      | Reached XP level 1. HP: 13/13 MP: 6/6
   128 | D:1      | Found a faded altar of an unknown god.
  1015 | D:2      | Noticed Sigmund
  1080 | D:2      | Reached XP level 2. HP: 6/19 MP: 7/7
  1295 | D:2      | Learned a level 2 spell: Call Imp
  1656 | D:2      | Found a runed translucent door.
  1657 | D:2      | Noticed Crazy Yiuf
  1848 | D:2      | Reached skill level 5 in Spellcasting
  1848 | D:2      | Reached XP level 3. HP: 25/25 MP: 7/9
  2710 | D:3      | Reached skill level 1 in Fighting
  2710 | D:3      | Reached skill level 1 in Short Blades
  2710 | D:3      | Reached skill level 1 in Long Blades
  2710 | D:3      | Reached skill level 1 in Axes
  2710 | D:3      | Reached skill level 1 in Maces & Flails
  2710 | D:3      | Reached skill level 1 in Polearms
  2710 | D:3      | Reached skill level 1 in Staves
  2710 | D:3      | Reached skill level 1 in Slings
  2710 | D:3      | Reached skill level 1 in Bows
  2710 | D:3      | Reached skill level 1 in Crossbows
  2710 | D:3      | Reached skill level 1 in Throwing
  2710 | D:3      | Reached skill level 1 in Armour
  2710 | D:3      | Reached skill level 1 in Shields
  2710 | D:3      | Reached skill level 1 in Unarmed Combat
  2710 | D:3      | Reached skill level 1 in Invocations
  2710 | D:3      | Reached skill level 1 in Evocations
  2710 | D:3      | Reached XP level 4. HP: 23/32 MP: 7/11
  2855 | D:3      | Reached skill level 1 in Conjurations
  2855 | D:3      | Reached skill level 1 in Hexes
  2855 | D:3      | Reached skill level 1 in Necromancy
  2855 | D:3      | Reached skill level 1 in Translocations
  2855 | D:3      | Reached skill level 1 in Transmutations
  2855 | D:3      | Reached skill level 1 in Fire Magic
  2855 | D:3      | Reached skill level 1 in Ice Magic
  2855 | D:3      | Reached skill level 1 in Air Magic
  2855 | D:3      | Reached skill level 1 in Earth Magic
  2855 | D:3      | Reached skill level 1 in Poison Magic
  3232 | D:3      | Reached XP level 5. HP: 26/37 MP: 12/12
  3763 | D:3      | Learned a level 3 spell: Call Canine Familiar
  4102 | D:4      | Noticed a lemure
  4131 | D:4      | Killed a lemure
  4315 | D:4      | Found a hide-covered altar of Uskayaw.
  4374 | D:4      | Found Owuowi's Distillery.
  4418 | D:4      | Bought a potion of heal wounds for 55 gold pieces
  4418 | D:4      | Bought a potion of curing for 33 gold pieces
  4443 | D:4      | Reached skill level 2 in Invocations
  4443 | D:4      | Reached XP level 6. HP: 44/44 MP: 13/13
  4530 | D:4      | Found a staircase to the Ecumenical Temple.
  4704 | Temple   | Entered the Ecumenical Temple
  5035 | Temple   | Became a worshipper of Ashenzari the Shackled
  5103 | D:4      | Reached skill level 5 in Dodging
  5362 | D:4      | Noticed Pikel
  5378 | D:4      | Killed Pikel
  5379 | D:4      | Reached skill level 2 in Fighting
  5379 | D:4      | Reached skill level 2 in Short Blades
  5379 | D:4      | Reached skill level 2 in Long Blades
  5379 | D:4      | Reached skill level 2 in Axes
  5379 | D:4      | Reached skill level 2 in Maces & Flails
  5379 | D:4      | Reached skill level 2 in Polearms
  5379 | D:4      | Reached skill level 2 in Staves
  5379 | D:4      | Reached skill level 2 in Slings
  5379 | D:4      | Reached skill level 2 in Bows
  5379 | D:4      | Reached skill level 2 in Crossbows
  5379 | D:4      | Reached skill level 2 in Throwing
  5379 | D:4      | Reached skill level 2 in Armour
  5379 | D:4      | Reached skill level 5 in Stealth
  5379 | D:4      | Reached skill level 2 in Shields
  5379 | D:4      | Reached skill level 2 in Unarmed Combat
  5379 | D:4      | Reached skill level 2 in Conjurations
  5379 | D:4      | Reached skill level 2 in Hexes
  5379 | D:4      | Reached skill level 2 in Necromancy
  5379 | D:4      | Reached skill level 2 in Translocations
  5379 | D:4      | Reached skill level 2 in Transmutations
  5379 | D:4      | Reached skill level 2 in Fire Magic
  5379 | D:4      | Reached skill level 2 in Ice Magic
  5379 | D:4      | Reached skill level 2 in Air Magic
  5379 | D:4      | Reached skill level 2 in Earth Magic
  5379 | D:4      | Reached skill level 2 in Poison Magic
  5379 | D:4      | Reached skill level 3 in Invocations
  5379 | D:4      | Reached skill level 2 in Evocations
  5379 | D:4      | Reached XP level 7. HP: 24/51 MP: 13/15
  5764 | D:2      | Killed Sigmund
  5765 | D:2      | Reached XP level 8. HP: 44/57 MP: 11/16
  6012 | D:2      | Killed Crazy Yiuf
  6013 | D:2      | Reached skill level 3 in Fighting
  6013 | D:2      | Reached skill level 3 in Short Blades
  6013 | D:2      | Reached skill level 3 in Long Blades
  6013 | D:2      | Reached skill level 3 in Axes
  6013 | D:2      | Reached skill level 3 in Maces & Flails
  6013 | D:2      | Reached skill level 3 in Polearms
  6013 | D:2      | Reached skill level 3 in Staves
  6013 | D:2      | Reached skill level 3 in Slings
  6013 | D:2      | Reached skill level 3 in Bows
  6013 | D:2      | Reached skill level 3 in Crossbows
  6013 | D:2      | Reached skill level 3 in Throwing
  6013 | D:2      | Reached skill level 3 in Armour
  6013 | D:2      | Reached skill level 3 in Shields
  6013 | D:2      | Reached skill level 3 in Unarmed Combat
  6013 | D:2      | Reached skill level 3 in Evocations
  6145 | D:5      | Entered Level 5 of the Dungeon
  6168 | D:5      | Identified the +8 short sword of Askizots {chaos, rF+ rN+
                  | Int-3 Dex+5}
  6847 | D:5      | Reached skill level 6 in Spellcasting
  7573 | D:5      | Found a large runed translucent door.
  7574 | D:5      | Found a large runed translucent door.
  7579 | D:5      | Found a shimmering altar of Xom.
  7814 | D:5      | HP: 5/58 [kobold brigand (16)]
  7815 | D:5      | HP: 1/58 [poisoned by a kobold brigand]
  7816 | D:5      | Succumbed to a kobold brigand's poison

Vanquished Creatures
  Pikel (D:4)
  Sigmund (D:2)
  A lemure (D:4)
  A scorpion (D:5)
  A water moccasin zombie (D:3)
  A centaur zombie (D:5)
  2 hounds (D:4)
  An orc priest (D:3)
  2 iguanas
  A killer bee zombie (D:5)
  2 adders
  A white imp (D:5)
  An ufetubus (D:5)
  3 dart slugs
  7 orcs
  5 endoplasms
  A giant cockroach (D:3)
  9 goblins
  3 hobgoblins (D:4)
  3 jackals (D:3)
  5 quokkas
  3 ball pythons
  5 bats
  3 frilled lizards
  5 kobolds
  3 rats
71 creatures vanquished.

Vanquished Creatures (collateral kills)
  A sky beast (D:5)
  A kobold brigand (D:5)
  A centaur zombie (D:4)
  Crazy Yiuf (D:2)
  An adder (D:3)
  An orc (D:3)
  A jackal (D:3)
  2 kobolds (D:5)
9 creatures vanquished.

Grand Total: 80 creatures vanquished
